 Dungeon Crawl Stone Soup version 0.31.0-32-g396128a36d (webtiles) character file.

Game seed: 15761874800429332780

310 Yerba the Caller (level 6, -1/28 HPs)
             Began as a Felid Summoner on Apr 4, 2024.
             Was an Initiate of Sif Muna.
             Slain by a gnoll
             ... wielding a +0 flail
             ... led by the fury of Okawaru
              (11 damage)
             ... on level 4 of the Dungeon.
             The game lasted 00:50:30 (5042 turns).

Yerba the Caller (Felid Summoner)                   Turns: 5042, Time: 00:50:31

Health: -1/28      AC:  6    Str:  4    XL:     6   Next: 18%
Magic:  12/12      EV: 18    Int: 20    God:    Sif Muna [......]
Gold:   101        SH:  0    Dex: 17    Spells: 6/12 levels left
                                        Lives:  0   Deaths: 2

rFire   . .          .
                       - Unarmed
rCold   . . .        (shield unavailable)
rNeg    . . .        (body armour unavailable)
rPois   .            (helmet unavailable)
rElec   .            (cloak unavailable)
rCorr   .            (gloves unavailable)
SInv    +            (boots unavailable)
Will    .....        (no amulet)
Stlth   +++          p - ring of see invisible
HPRegen 0.24/turn    J - +4 ring of protection
MPRegen 0.13/turn

%: no passive effects
@: unable to call your familiar
A: very small, claws 1, fangs 3, see invisible, shaggy fur 2, stealthy paws, no
weapons or thrown items, no armour, multi-lived
a: Renounce Religion


You were on level 4 of the Dungeon.
You worshipped Sif Muna.
Sif Muna was noncommittal.
You visited 2 branches of the dungeon, and saw 5 of its levels.

You collected 121 gold pieces.
You spent 20 gold pieces at shops.

Inventory:

Hand Weapons
 e - a +0 dagger
 f - a +0 dagger
 h - a +0 short sword
 i - a +0 short sword
 s - a +0 short sword
 x - a +0 hand axe
 A - a +0 sling
 B - a +0 dagger
 C - a +0 falchion
 D - a +0 club
 E - a +0 dagger
 I - a +0 club
 K - a +0 club
 L - a +0 short sword
 Q - a +0 dagger
 S - a +0 club
 U - a +0 club
 V - a +0 short sword
 W - a +0 club
 Y - a +0 club
 Z - a +0 trident
Missiles
 c - 35 stones
 o - a throwing net
 y - 12 poisoned darts
 G - 6 javelins
Armour
 w - a +0 robe
 F - a +0 chain mail
 O - a +0 leather armour
 R - a +0 plate armour
 T - a +0 leather armour
 X - a +0 leather armour
Jewellery
 p - a ring of see invisible (left paw)
 J - a +4 ring of protection (right paw)
Scrolls
 j - a scroll of blinking {unknown}
 k - 2 scrolls of poison {unknown}
 l - a scroll of revelation {unknown}
 t - 2 scrolls of butterflies {unknown}
 u - 2 scrolls of identify
 H - a scroll of immolation {unknown}
 N - 2 scrolls of enchant armour {unknown}
 P - a scroll of noise {unknown}
Potions
 a - a potion of magic
 b - a potion of lignification {unknown}
 d - a potion of brilliance {unknown}
 m - 2 potions of attraction {unknown}
 n - a potion of heal wounds {unknown}
 M - 2 potions of cancellation {unknown}


   Skills:
 + Level 3.0 Dodging
 + Level 4.1 Stealth
 + Level 1.6 Unarmed Combat
 + Level 3.7 Spellcasting
 + Level 5.7 Summonings


You had 6 spell levels left.
You knew the following spells:

 Your Spells              Type           Power      Damage    Failure   Level
a - Summon Small Mammal   Summ           100%       N/A       1%          1
b - Call Canine Familiar  Summ           26%        N/A       3%          3
c - Call Imp              Summ           52%        N/A       1%          2

Your spell library contained the following spells:

 Spells                   Type           Power      Damage    Failure   Level
 Kiss of Death            Conj/Necr      12%        2d6       13%         1
 Sublimation of Blood     Necr           3%         N/A       21%         2
 Confusing Touch          Hex            3%         N/A       36%         3
 Mephitic Cloud           Conj/Alch/Air  3%         N/A       36%         3
 Sigil of Binding         Hex            3%         N/A       36%         3
 Summon Blazeheart Golem  Fire/Summ      15%        N/A       38%         4
 Summon Lightning Spire   Summ/Air       15%        N/A       38%         4
 Dispel Undead            Necr           3%         3d7       78%         4
 Fireball                 Conj/Fire      1%         3d3       98%         5
 Summon Hydra             Summ           13%        N/A       100%        7
 Animate Armour           Summ/Erth      Unusable   N/A       N/A         4
 Dimensional Bullseye     Hex/Tloc       Unusable   N/A       N/A         4

Dungeon Overview and Level Annotations

Branches:
Dungeon (4/15)             Temple (1/1) D:4

Altars:
Cheibriados
Dithmenos
Fedhas
Gozag
Kikubaaqudgha
Nemelex Xobeh
Okawaru
Sif Muna
Trog
Wu Jian
Xom
Yredelemnul
Zin
The Shining One

Shops:
D:2 ?


Innate Abilities, Weirdness & Mutations

You have sharp claws.
You have razor-sharp teeth.
You have supernaturally acute eyesight. (SInv)
You are covered in thick fur. (AC +2)
Your paws help you pounce on unaware monsters.
You are incapable of wielding weapons or throwing items.
You cannot wear armour.
You gain extra lives every three experience levels.


Message History

The orc wizard is heavily wounded.
Your inugami hits the ogre. The orc knight barely misses you.
The warg barely misses you.
The orc warrior hits your inugami with a +0 short sword!
The ogre hits you with a +0 giant spiked club!
Ouch! That really hurt!
The orc wizard misses you.
You scratch the orc wizard.
The orc wizard is severely wounded.
The warg completely misses you.
Your inugami barely misses the orc warrior.
The orc knight completely misses you.
The orc warrior hits your inugami with a +0 short sword.
The orc warrior completely misses your inugami.
The warg misses you. The orc wizard misses you.
You scratch the orc wizard.
You bite the orc wizard, but do no damage.
The orc wizard is almost dead.
Your inugami hits the orc warrior but does no damage.
The ogre completely misses you.
The orc knight hits you with a +0 great mace!
Ouch! That really hurt!
* * * LOW HITPOINT WARNING * * *
The orc warrior hits your inugami with a +0 short sword.
The warg bites you!
You die...
The orc warrior hits your inugami but does no damage.
The orc wizard closely misses you.
You rejoin the land of the living...
Okawaru sends forces against you!
An orc warrior, an orc, an orc wizard and 6 gnolls come into view.
A gnoll sergeant is wielding a +0 spear of freezing.
The gnoll shouts! x2
The gnoll sergeant hits you with a +0 spear of freezing!
The gnoll sergeant freezes you. The gnoll attacks as it pursues you!
The gnoll misses you.
The gnoll sergeant hits you from afar with a +0 spear of freezing.
The gnoll sergeant freezes you. The gnoll closely misses you.
The gnoll attacks as it pursues you! The gnoll hits you with a +0 flail!
You die...

###..................
#.####'####.....#####
#.........#.....#
#.........'.....#
#.........#.....#
########.##....#.....#
#...####.#############
##..............#.....#
#....>....@.....#.....#
#.......ggg.....#.....#
#...o...g.g.....#.....#
#......og.......'..)..#
#.......o.......#.....#
#######################


You could see an orc warrior, a gnoll sergeant, an orc wizard, 5 gnolls and an
orc.

Vanquished Creatures
  2 adders
  An orc (D:4)
  A ball python (D:4)
  2 bats
  A giant cockroach (D:2)
  3 goblins
  A hobgoblin (D:1)
  A jackal (D:1)
  2 frilled lizards
  A kobold (D:4)
  2 rats (D:1)
17 creatures vanquished.

Vanquished Creatures (collateral kills)
  2 scorpions (D:4)
  2 hounds
  An orc priest (D:4)
  2 adders (D:2)
  A dart slug (D:4)
  A ribbon worm (D:2)
  5 orcs (D:4)
  5 endoplasms
  A giant cockroach (D:2)
  7 goblins
  7 hobgoblins
  2 jackals (D:1)
  2 quokkas
  A bat (D:3)
  4 frilled lizards
  4 kobolds
  A rat (D:3)
48 creatures vanquished.

Grand Total: 65 creatures vanquished

Notes
Turn   | Place    | Note
-------+----------+-------------------------------------------
     0 | D:1      | Yerba the Felid Summoner began the quest for the Orb.
     0 | D:1      | Reached XP level 1. HP: 9/9 MP: 4/4
   422 | D:1      | Reached XP level 2. HP: 13/13 MP: 3/6
  1477 | D:2      | Found Wilid's Magic Scroll Boutique.
  1498 | D:2      | Reached XP level 3. HP: 16/16 MP: 5/7
  1690 | D:2      | Bought a scroll of identify for 20 gold pieces
  1755 | D:2      | Got the Encyclopedia of the Harmful Quarry
  1840 | D:2      | Learned a level 3 spell: Call Canine Familiar
  2633 | D:2      | You fall into a shaft and drop 1 floor!
  2656 | D:3      | Reached XP level 4. HP: 21/21 MP: 5/9
  2656 | D:3      | Gained a life (2 lives remaining)
  2786 | D:3      | Found a shadowy altar of Dithmenos.
  3609 | D:4      | Found an ornate altar of the Wu Jian Council.
  3781 | D:4      | HP: 1/21 [orc priest/divine providence (11)]
  3791 | D:4      | Killed from afar by an orc priest
  3791 | D:4      | Lost a life (1 life remaining)
  3956 | D:4      | Reached skill level 5 in Summonings
  4085 | D:4      | Found a staircase to the Ecumenical Temple.
  4106 | Temple   | Entered the Ecumenical Temple
  4113 | Temple   | Became a worshipper of Warmaster Okawaru
  4144 | Temple   | Fell from the grace of Okawaru
  4144 | Temple   | Became a worshipper of Sif Muna the Loreminder
  4333 | D:4      | Noticed a scorpion
  4342 | D:4      | Reached XP level 5. HP: 17/24 MP: 5/10
  4732 | D:4      | Reached skill level 1 in Unarmed Combat
  4732 | D:4      | Gained mutation: You are covered in thick fur. (AC +2)
                  | [Felid growth]
  4732 | D:4      | Reached XP level 6. HP: 24/28 MP: 8/12
  4864 | D:4      | Learned a level 2 spell: Call Imp
  4958 | D:4      | Found a glowing golden altar of the Shining One.
  5028 | D:4      | Noticed an orc knight
  5028 | D:4      | Noticed a warg
  5028 | D:4      | Noticed an orc warrior
  5028 | D:4      | Noticed an orc warrior
  5028 | D:4      | Noticed an orc warrior
  5034 | D:4      | HP: 1/28 [orc knight/+0 great mace[the fury of Okawaru]
                  | (14)]
  5034 | D:4      | Mangled by a warg
  5034 | D:4      | Lost a life (0 lives remaining)
  5039 | D:4      | Noticed an orc warrior
  5042 | D:4      | Slain by a gnoll

Illustrated notes

Levels and vault maps discovered:
D:1:      roderic_chinese_lattice_arrival, layout_basic,
          nicolae_twisty_statue_hallways
D:2:      layout_basic, serial_shops, shop, minmay_stone_trees_small
D:3:      layout_basic, nicolae_dithmenos_the_darkroom
D:4:      layout_gridville, mainiacjoe_overflow_surrounded_room,
          lemuel_tele_altar, temple_doors_cd, minmay_ogre_servants
Temple:   minmay_freezing_vapour_temple

Skill      XL: |  1  2  3  4  5 |
---------------+----------------+-----
Stealth        | 3 4 |  4.1
Spellcasting   | 3 |  3.7
Summonings     | 5 |  5.7
Dodging        | 3 |  3.0
Unarmed Combat | 1 |  1.6

Action                     |  1- 3 |  4- 6 || total
---------------------------+-------+-------++-------
  Melee: Unarmed           |    25 |    41 ||    66
         Bite              |     1 |     4 ||     5
   Cast: Summon Small Mamm |    45 |    26 ||    71
         Call Canine Famil |     3 |     8 ||    11
         Call Imp          |       |     2 ||     2
    Use: Scroll            |     1 |       ||     1
   Stab: Distracted        |     2 |       ||     2
         Sleeping          |     2 |       ||     2
 Armour: Skin              |     6 |    30 ||    36
  Dodge: Dodged            |    25 |    75 ||   100
